| TOP OF THE 1ST |
|
Watertown Bucks batting - Pitching for Huron Cubs : RHP Carlos Gil
|
|
Pitching: RHP Carlos Gil
|
|
|
Batting: SHB Luis Rivera
|
0-0: Swinging Strike 0-1: SINGLE (Groundball, 5S, EV 70.6 MPH) (infield hit)
|
|
Batting: RHB Robert Tanzi
|
0-0: Ball 1-0: Ball 2-0: Ball Wild Pitch! Luis Rivera to second 3-0: Called Strike 3-1: Called Strike 3-2: Base on Balls
|
|
Batting: LHB Bryan Neal
|
0-0: Called Strike 0-1: Ball 1-1: Ball 2-1: Swinging Strike 2-2: Ball 3-2: Base on Balls Luis Rivera to third Robert Tanzi to second
|
|
Batting: LHB Greg Guin
|
0-0: Called Strike 0-1: Foul Ball, location: 2F 0-2: Ball 1-2: Ball 2-2: Ball 3-2: Strikes out swinging
|
|
Batting: RHB Sebastiano Borriello
|
0-0: Called Strike 0-1: Ball 1-1: Fly out, F9 (Flyball, 9, EV 96.3 MPH) Runner from 3rd tags up, SCORES, throw by RF Robert Tanzi to third
|
|
Batting: RHB Eugene Cattane
|
0-0: Called Strike 0-1: Ball 1-1: Ground out 5-3 (Groundball, 56S, EV 88.8 MPH)
|
| Top of the 1st over - 1 run, 1 hit, 0 errors, 2 left on base; Watertown 1 - Huron 0 |
| BOTTOM OF THE 1ST |
|
Huron Cubs batting - Pitching for Watertown Bucks : RHP Bob L Gibson
|
|
Pitching: RHP Bob L Gibson
|
|
|
Batting: RHB Ivan Calderon
|
0-0: Ball 1-0: Called Strike 1-1: Ball 2-1: Ball 3-1: Called Strike 3-2: Base on Balls
|
|
Batting: SHB Keith Smith
|
0-0: Ball 1-0: Ground out 4-3 (Groundball, 34, EV 105.6 MPH) Ivan Calderon to second
|
|
Batting: RHB Mark Carreon
|
0-0: Called Strike 0-1: Ball 1-1: Ball 2-1: Fly out, F9 (Flyball, 9, EV 95.6 MPH) Runner from 2nd tags up, SAFE at 3rd with throw by RF
|
|
Batting: RHB John Alvarez
|
0-0: Ball 1-0: Foul Ball, location: 2F 1-1: Ground out 6-3 (Groundball, 56D, EV 77.5 MPH)
|
| Bottom of the 1st over - 0 runs, 0 hits, 0 errors, 1 left on base; Watertown 1 - Huron 0 |
| TOP OF THE 2ND |
|
Watertown Bucks batting - Pitching for Huron Cubs : RHP Carlos Gil
|
|
Batting: SHB Bruce Hines
|
0-0: Ball 1-0: Foul Ball, location: 2F 1-1: Fly out, F7 (Flyball, 78M, EV 91.9 MPH)
|
|
Batting: RHB Thomas Dimino
|
0-0: Ball 1-0: Ball 2-0: Swinging Strike 2-1: Foul Ball, location: 2F 2-2: Ball 3-2: Fly out, F5 (Popup, 25F, EV 81.9 MPH)
|
|
Batting: LHB Carl Spikes
|
0-0: Called Strike 0-1: Ball 1-1: Swinging Strike 1-2: Ball 2-2: Strikes out swinging
|
| Top of the 2nd over - 0 runs, 0 hits, 0 errors, 0 left on base; Watertown 1 - Huron 0 |
| BOTTOM OF THE 2ND |
|
Huron Cubs batting - Pitching for Watertown Bucks : RHP Bob L Gibson
|
|
Batting: RHB Greg Zunino
|
0-0: Called Strike 0-1: Ball 1-1: Ball 2-1: Called Strike 2-2: Ball 3-2: Strikes out looking
|
|
Batting: RHB Mike Stellern
|
0-0: Called Strike 0-1: Ball 1-1: Ball 2-1: Foul Ball, location: 2F 2-2: SINGLE (Line Drive, 34, EV 96.9 MPH)
|
|
Batting: RHB John Ackley
|
0-0: Foul Ball, location: 2F 0-1: Ball 1-1: Called Strike 1-2: Ball 2-2: Foul Ball, location: 2F 2-2: Fly out, F6 (Line Drive, 6, EV 71.3 MPH)
|
|
Batting: RHB Sean Toerner
|
0-0: Called Strike 0-1: Fly out, F8 (Flyball, 8RXD, EV 98.1 MPH)
|
| Bottom of the 2nd over - 0 runs, 1 hit, 0 errors, 1 left on base; Watertown 1 - Huron 0 |
| TOP OF THE 3RD |
|
Watertown Bucks batting - Pitching for Huron Cubs : RHP Carlos Gil
|
|
Batting: SHB Luis Rivera
|
0-0: Called Strike 0-1: Ball 1-1: Swinging Strike 1-2: Fly out, F9 (Flyball, 89S, EV 86.9 MPH)
|
|
Batting: RHB Robert Tanzi
|
0-0: Ball 1-0: Foul Ball, location: 2F 1-1: Swinging Strike 1-2: Strikes out swinging
|
|
Batting: LHB Bryan Neal
|
0-0: SINGLE (Groundball, 34D, EV 103.8 MPH)
|
|
Batting: LHB Greg Guin
|
0-0: Ball 1-0: Called Strike 1-1: Ball 2-1: Fly out, F8 (Line Drive, 8LD, EV 101.9 MPH)
|
| Top of the 3rd over - 0 runs, 1 hit, 0 errors, 1 left on base; Watertown 1 - Huron 0 |
| BOTTOM OF THE 3RD |
|
Huron Cubs batting - Pitching for Watertown Bucks : RHP Bob L Gibson
|
|
Batting: RHB Scot Holliday
|
0-0: Called Strike 0-1: Called Strike 0-2: Foul Ball, location: 2F 0-2: Ball 1-2: Fly out, F8 (Flyball, 8RD, EV 106.9 MPH)
|
|
Batting: RHB Ivan Calderon
|
0-0: Ball 1-0: Called Strike 1-1: SINGLE (Line Drive, 7S, EV 95.6 MPH)
|
|
Batting: SHB Keith Smith
|
0-0: Called Strike 0-1: Called Strike 0-2: Ball 1-2: Fielders Choice at 2nd, 1-6 (Groundball, 34S, EV 66.9 MPH)
|
|
Batting: RHB Mark Carreon
|
0-0: Ball 1-0: SINGLE (Groundball, 34D, EV 98.1 MPH) Keith Smith to second Runner from 2nd tries for 3rd, SAFE, throw by RF made to third
|
|
Batting: RHB John Alvarez
|
0-0: Called Strike 0-1: Ball 1-1: Ball 2-1: Foul Ball, location: 2F 2-2: Fly out, F7 (Flyball, 7LS, EV 82.5 MPH)
|
| Bottom of the 3rd over - 0 runs, 2 hits, 0 errors, 2 left on base; Watertown 1 - Huron 0 |
| TOP OF THE 4TH |
|
Watertown Bucks batting - Pitching for Huron Cubs : RHP Carlos Gil
|
|
Batting: RHB Sebastiano Borriello
|
0-0: Called Strike 0-1: Ball 1-1: Foul Ball, location: 2F 1-2: Strikes out swinging
|
|
Batting: RHB Eugene Cattane
|
0-0: Fly out, F6 (Popup, 6MS, EV 76.3 MPH)
|
|
Batting: SHB Bruce Hines
|
0-0: Ball 1-0: Called Strike 1-1: Ball 2-1: Ball 3-1: Swinging Strike 3-2: Strikes out swinging
|
| Top of the 4th over - 0 runs, 0 hits, 0 errors, 0 left on base; Watertown 1 - Huron 0 |
| BOTTOM OF THE 4TH |
|
Huron Cubs batting - Pitching for Watertown Bucks : RHP Bob L Gibson
|
|
Batting: RHB Greg Zunino
|
0-0: Ball 1-0: Ball 2-0: Ball 3-0: Called Strike 3-1: Ground out U3 (Groundball, 34, EV 82.5 MPH)
|
|
Batting: RHB Mike Stellern
|
0-0: Swinging Strike 0-1: Foul Ball, location: 2F 0-2: Ball 1-2: Foul Ball, location: 2F 1-2: Strikes out swinging
|
|
Batting: RHB John Ackley
|
0-0: Called Strike 0-1: Called Strike 0-2: Ball 1-2: Strikes out looking
|
| Bottom of the 4th over - 0 runs, 0 hits, 0 errors, 0 left on base; Watertown 1 - Huron 0 |
| TOP OF THE 5TH |
|
Watertown Bucks batting - Pitching for Huron Cubs : RHP Carlos Gil
|
|
Batting: RHB Thomas Dimino
|
0-0: Foul Ball, location: 2F 0-1: Foul Ball, location: 2F 0-2: Strikes out swinging
|
|
Batting: LHB Carl Spikes
|
0-0: Swinging Strike 0-1: Foul Ball, location: 2F 0-2: Strikes out swinging
|
|
Batting: SHB Luis Rivera
|
0-0: Ground out 6-3 (Groundball, 6, EV 90.6 MPH)
|
| Top of the 5th over - 0 runs, 0 hits, 0 errors, 0 left on base; Watertown 1 - Huron 0 |
| BOTTOM OF THE 5TH |
|
Huron Cubs batting - Pitching for Watertown Bucks : RHP Bob L Gibson
|
|
Batting: RHB Sean Toerner
|
0-0: SINGLE (Groundball, 56S, EV 68.8 MPH) (infield hit)
|
|
Batting: RHB Scot Holliday
|
0-0: Ball 1-0: Ball 2-0: Called Strike 2-1: Ball 3-1: Base on Balls Sean Toerner to second
|
|
Batting: RHB Ivan Calderon
|
0-0: Ball 1-0: Grounds into double play, 6-4-3 (Groundball, 56, EV 96.3 MPH) Sean Toerner to third
|
|
Batting: SHB Keith Smith
|
0-0: Fly out, F7 (Flyball, 78M, EV 91.9 MPH)
|
| Bottom of the 5th over - 0 runs, 1 hit, 0 errors, 1 left on base; Watertown 1 - Huron 0 |
| TOP OF THE 6TH |
|
Watertown Bucks batting - Pitching for Huron Cubs : RHP Carlos Gil
|
|
Batting: RHB Robert Tanzi
|
0-0: Called Strike 0-1: Ball 1-1: Ball 2-1: Foul Ball, location: 2F 2-2: Foul Ball, location: 2F 2-2: Ball 3-2: Ground out 1-3 (Groundball, 13S, EV 61.9 MPH)
|
|
Batting: LHB Bryan Neal
|
0-0: Called Strike 0-1: Foul Ball, location: 2F 0-2: Ball 1-2: Foul Ball, location: 2F 1-2: Ball 2-2: Foul Ball, location: 2F 2-2: Ground out 1-3 (Groundball, 34S, EV 67.5 MPH)
|
|
Batting: LHB Greg Guin
|
0-0: Ball 1-0: Ball 2-0: Fly out, F8 (Line Drive, 8RM, EV 97.5 MPH)
|
| Top of the 6th over - 0 runs, 0 hits, 0 errors, 0 left on base; Watertown 1 - Huron 0 |
| BOTTOM OF THE 6TH |
|
Huron Cubs batting - Pitching for Watertown Bucks : RHP Bob L Gibson
|
|
Batting: RHB Mark Carreon
|
0-0: Fly out, F7 (Line Drive, 7, EV 106.9 MPH)
|
|
Batting: RHB John Alvarez
|
0-0: Ball 1-0: Ground out 5-3 (Groundball, 56, EV 102.5 MPH)
|
|
Batting: RHB Greg Zunino
|
0-0: Called Strike 0-1: Ball 1-1: Ball 2-1: Called Strike 2-2: SINGLE (Line Drive, 4D, EV 96.3 MPH)
|
|
Batting: RHB Mike Stellern
|
0-0: Called Strike 0-1: Ball 1-1: Ball 2-1: Foul Ball, location: 2F 2-2: Fly out, F7 (Flyball, 78D, EV 97.5 MPH)
|
| Bottom of the 6th over - 0 runs, 1 hit, 0 errors, 1 left on base; Watertown 1 - Huron 0 |
| TOP OF THE 7TH |
|
Watertown Bucks batting - Pitching for Huron Cubs : RHP Carlos Gil
|
|
Batting: RHB Sebastiano Borriello
|
0-0: Ground out 6-3 (Groundball, 6S, EV 84.4 MPH)
|
|
Batting: RHB Eugene Cattane
|
0-0: Ball 1-0: Ball 2-0: Called Strike 2-1: Ball 3-1: DOUBLE (Line Drive, 3D, EV 98.1 MPH)
|
|
Batting: SHB Bruce Hines
|
0-0: Intentional Walk
|
|
Batting: RHB Thomas Dimino
|
0-0: Called Strike 0-1: Ball Eugene Cattane is caught stealing 3rd base 2-5 Bruce Hines to second 1-1: Called Strike 1-2: Strikes out looking
|
| Top of the 7th over - 0 runs, 1 hit, 0 errors, 1 left on base; Watertown 1 - Huron 0 |
| BOTTOM OF THE 7TH |
|
Huron Cubs batting - Pitching for Watertown Bucks : RHP Bob L Gibson
|
|
Batting: RHB John Ackley
|
0-0: Foul Ball, location: 2F 0-1: Ball 1-1: Foul Ball, location: 2F 1-2: Foul Ball, location: 2F 1-2: Ball 2-2: Fly out, F7 (Line Drive, 7, EV 90.0 MPH)
|
|
Batting: RHB Sean Toerner
|
0-0: Swinging Strike 0-1: Ground out 5-3 (Groundball, 56, EV 77.5 MPH)
|
|
Batting: RHB Scot Holliday
|
0-0: Ball 1-0: Ball 2-0: SOLO HOME RUN (Flyball, 8LXD, EV 104.4 MPH), Distance : 436 ft
|
|
Batting: RHB Ivan Calderon
|
0-0: Foul Ball, location: 2F 0-1: Fly out, F8 (Flyball, 8LM, EV 88.1 MPH)
|
| Bottom of the 7th over - 1 run, 1 hit, 0 errors, 0 left on base; Watertown 1 - Huron 1 |
| TOP OF THE 8TH |
|
Watertown Bucks batting - Pitching for Huron Cubs : RHP Carlos Gil
|
|
Batting: LHB Carl Spikes
|
0-0: Fly out, F4 (Line Drive, 4, EV 73.1 MPH)
|
|
Batting: SHB Luis Rivera
|
0-0: Called Strike 0-1: Ball 1-1: Ground out 5-3 (Groundball, 56, EV 90.0 MPH)
|
|
Batting: RHB Robert Tanzi
|
0-0: Ball 1-0: Called Strike 1-1: Ball 2-1: Fly out, F8 (Flyball, 78M, EV 85.0 MPH)
|
| Top of the 8th over - 0 runs, 0 hits, 0 errors, 0 left on base; Watertown 1 - Huron 1 |
| BOTTOM OF THE 8TH |
|
Huron Cubs batting - Pitching for Watertown Bucks : RHP Bob L Gibson
|
|
Pitching: RHP Michael Beecroft
|
|
|
Batting: SHB Keith Smith
|
0-0: Ball 1-0: Swinging Strike 1-1: Ball 2-1: Ground out 4-3 (Groundball, 4, EV 90.0 MPH)
|
|
Batting: RHB Mark Carreon
|
0-0: Called Strike 0-1: Foul Ball, location: 2F 0-2: Ball 1-2: Foul Ball, location: 2F 1-2: Ball 2-2: Ball 3-2: Foul Ball, location: 2F 3-2: Ground out 4-3 (Groundball, 4, EV 103.8 MPH)
|
|
Batting: RHB John Alvarez
|
0-0: Ball 1-0: Called Strike 1-1: Called Strike 1-2: Ball 2-2: Foul Ball, location: 2F 2-2: Fly out, F7 (Line Drive, 7, EV 96.3 MPH)
|
| Bottom of the 8th over - 0 runs, 0 hits, 0 errors, 0 left on base; Watertown 1 - Huron 1 |
| TOP OF THE 9TH |
|
Watertown Bucks batting - Pitching for Huron Cubs : RHP Carlos Gil
|
|
Pitching: LHP Jose Soto
|
|
|
Pinch Hitting: RHB Randy Hunt
|
0-0: Ball 1-0: Ball 2-0: Called Strike 2-1: Fly out, F3 (Popup, 3SF, EV 76.9 MPH)
|
|
Batting: LHB Greg Guin
|
0-0: Ball 1-0: Called Strike 1-1: Fly out, F8 (Flyball, 78M, EV 91.9 MPH)
|
|
Batting: RHB Sebastiano Borriello
|
0-0: Ball 1-0: Ball 2-0: Swinging Strike 2-1: Foul Ball, location: 2F 2-2: Strikes out swinging
|
| Top of the 9th over - 0 runs, 0 hits, 0 errors, 0 left on base; Watertown 1 - Huron 1 |
| BOTTOM OF THE 9TH |
|
Huron Cubs batting - Pitching for Watertown Bucks : RHP Michael Beecroft
|
|
Now in LF: Richard Plautz
|
|
|
Batting: LHB Willis Gonzalez
|
0-0: Ball 1-0: Ball 2-0: Foul Ball, location: 2F 2-1: Ball 3-1: DOUBLE (Line Drive, 78M, EV 96.3 MPH)
|
|
Batting: RHB Mike Stellern
|
0-0: Ball 1-0: Ball 2-0: Called Strike 2-1: Foul Ball, location: 2F 2-2: Strikes out swinging
|
|
Pinch Hitting: LHB Thomas Copeland
|
0-0: Intentional Walk
|
|
Batting: RHB Sean Toerner
|
0-0: Ground out 6-3 (Groundball, 6MS, EV 85.6 MPH) Willis Gonzalez to third Thomas Copeland to second
|
|
Batting: RHB Scot Holliday
|
0-0: Called Strike 0-1: Ball 1-1: Fly out, F9 (Flyball, 9D, EV 77.5 MPH)
|
| Bottom of the 9th over - 0 runs, 1 hit, 0 errors, 2 left on base; Watertown 1 - Huron 1 |
| TOP OF THE 10TH |
|
Watertown Bucks batting - Pitching for Huron Cubs : LHP Jose Soto
|
|
Now at C: Phillip Wilson
|
|
|
Batting: RHB Eugene Cattane
|
0-0: Fly out, F7 (Flyball, 7, EV 87.5 MPH)
|
|
Batting: SHB Bruce Hines
|
0-0: Ball 1-0: Ball 2-0: Called Strike 2-1: Ground out 6-3 (Groundball, 6, EV 108.1 MPH)
|
|
Pinch Hitting: RHB Bob Volk
|
0-0: Ball 1-0: Ball 2-0: Ball 3-0: Base on Balls
|
|
Batting: LHB Carl Spikes
|
0-0: Called Strike 0-1: Ball 1-1: Foul Ball, location: 2F 1-2: Strikes out swinging
|
| Top of the 10th over - 0 runs, 0 hits, 0 errors, 1 left on base; Watertown 1 - Huron 1 |
| BOTTOM OF THE 10TH |
|
Huron Cubs batting - Pitching for Watertown Bucks : RHP Michael Beecroft
|
|
Pitching: RHP Randy Graham
|
|
|
Now at 2B: Marvin Clack
|
|
|
Batting: RHB Ivan Calderon
|
0-0: Ground out 6-3 (Groundball, 6M, EV 84.4 MPH)
|
|
Pinch Hitting: RHB Tony Johnson
|
0-0: Swinging Strike 0-1: Swinging Strike 0-2: Ball 1-2: Ball 2-2: Ground out 6-3 (Groundball, 56D, EV 83.8 MPH)
|
|
Batting: RHB Mark Carreon
|
0-0: Called Strike 0-1: Ball 1-1: Ball 2-1: SINGLE (Groundball, 6S, EV 72.5 MPH) (infield hit)
|
|
Batting: RHB John Alvarez
|
Pickoff Throw to First - Error! E1 Mark Carreon to second 0-0: Fly out, F8 (Line Drive, 8RD, EV 93.8 MPH)
|
| Bottom of the 10th over - 0 runs, 1 hit, 1 error, 1 left on base; Watertown 1 - Huron 1 |
| TOP OF THE 11TH |
|
Watertown Bucks batting - Pitching for Huron Cubs : LHP Jose Soto
|
|
Now at SS: Chris Pittaro
|
|
|
Batting: SHB Luis Rivera
|
0-0: Called Strike 0-1: Called Strike 0-2: Fly out, F3 (Flyball, 3D, EV 78.1 MPH)
|
|
Batting: RHB Robert Tanzi
|
0-0: Ball 1-0: Ball 2-0: Foul Ball, location: 2F 2-1: Ball 3-1: Called Strike 3-2: SINGLE (Groundball, 56D, EV 93.8 MPH)
|
|
Batting: RHB Richard Plautz
|
0-0: Foul Ball, location: 2F 0-1: Ball 1-1: Fly out, F5 (Popup, 5L, EV 55.0 MPH)
|
|
Batting: LHB Greg Guin
|
0-0: Called Strike Robert Tanzi steals 2nd base 0-1: Ground out 4-3 (Groundball, 4, EV 103.8 MPH)
|
| Top of the 11th over - 0 runs, 1 hit, 0 errors, 1 left on base; Watertown 1 - Huron 1 |
| BOTTOM OF THE 11TH |
|
Huron Cubs batting - Pitching for Watertown Bucks : RHP Randy Graham
|
|
Batting: LHB Willis Gonzalez
|
0-0: Ground out 6-3 (Groundball, 6, EV 88.8 MPH)
|
|
Batting: RHB Mike Stellern
|
0-0: Called Strike 0-1: Ball 1-1: Ball 2-1: DOUBLE (Line Drive, 3D, EV 107.5 MPH)
|
|
Batting: RHB Phillip Wilson
|
0-0: Ground out 6-3 (Groundball, 56, EV 100.0 MPH)
|
|
Batting: RHB Sean Toerner
|
0-0: Intentional Walk
|
|
Batting: RHB Scot Holliday
|
0-0: Called Strike 0-1: Ball 1-1: Called Strike 1-2: Strikes out swinging
|
| Bottom of the 11th over - 0 runs, 1 hit, 0 errors, 2 left on base; Watertown 1 - Huron 1 |
| TOP OF THE 12TH |
|
Watertown Bucks batting - Pitching for Huron Cubs : LHP Jose Soto
|
|
Batting: RHB Sebastiano Borriello
|
0-0: Called Strike 0-1: Ball 1-1: Ball 2-1: SINGLE (Line Drive, 6D, EV 97.5 MPH)
|
|
Batting: RHB Eugene Cattane
|
0-0: Ball 1-0: Called Strike 1-1: Ball 2-1: Grounds into double play, 4-6-3 (Groundball, 34, EV 83.1 MPH)
|
|
Batting: SHB Bruce Hines
|
0-0: Foul Ball, location: 2F 0-1: Foul Ball, location: 2F 0-2: Ball 1-2: Ball 2-2: Ball 3-2: Strikes out looking
|
| Top of the 12th over - 0 runs, 1 hit, 0 errors, 0 left on base; Watertown 1 - Huron 1 |
| BOTTOM OF THE 12TH |
|
Huron Cubs batting - Pitching for Watertown Bucks : RHP Randy Graham
|
|
Batting: RHB Ivan Calderon
|
0-0: Ball 1-0: Called Strike 1-1: Ground out 6-3 (Groundball, 6, EV 90.0 MPH)
|
|
Batting: SHB Chris Pittaro
|
0-0: Swinging Strike 0-1: Ball 1-1: Ball 2-1: Fly out, F8 (Flyball, 78XD, EV 83.1 MPH)
|
|
Batting: RHB Mark Carreon
|
0-0: Called Strike 0-1: Called Strike 0-2: SINGLE (Line Drive, 7S, EV 93.1 MPH)
|
|
Batting: RHB John Alvarez
|
0-0: Fly out, F2 (Popup, 2LF, EV 91.9 MPH)
|
| Bottom of the 12th over - 0 runs, 1 hit, 0 errors, 1 left on base; Watertown 1 - Huron 1 |
| TOP OF THE 13TH |
|
Watertown Bucks batting - Pitching for Huron Cubs : LHP Jose Soto
|
|
Pitching: RHP Alex Samano
|
|
|
Batting: SHB Marvin Clack
|
0-0: Ball 1-0: Called Strike 1-1: Swinging Strike 1-2: Ball 2-2: Ball 3-2: Foul Ball, location: 2F 3-2: Foul Ball, location: 2F 3-2: Foul Ball, location: 2F 3-2: Strikes out swinging
|
|
Batting: LHB Carl Spikes
|
0-0: SINGLE (Groundball, 34D, EV 90.6 MPH) (infield hit)
|
|
Batting: SHB Luis Rivera
|
0-0: Called Strike 0-1: Swinging Strike 0-2: SINGLE (Groundball, 56D, EV 97.5 MPH) Carl Spikes to second
|
|
Batting: RHB Robert Tanzi
|
0-0: Swinging Strike 0-1: Fielders Choice at 2nd, 6-4 (Groundball, 6, EV 106.9 MPH) Carl Spikes to third
|
|
Batting: RHB Richard Plautz
|
0-0: Ball 1-0: SINGLE (Groundball, 4MD, EV 108.8 MPH) Carl Spikes scores Robert Tanzi to second Runner from 2nd tries for 3rd, SAFE, throw by CF made to third
|
|
Batting: LHB Greg Guin
|
0-0: Ball 1-0: Fly out, F7 (Flyball, 7, EV 91.9 MPH)
|
| Top of the 13th over - 1 run, 3 hits, 0 errors, 2 left on base; Watertown 2 - Huron 1 |
| BOTTOM OF THE 13TH |
|
Huron Cubs batting - Pitching for Watertown Bucks : RHP Randy Graham
|
|
Batting: LHB Willis Gonzalez
|
0-0: Foul Ball, location: 2F 0-1: Ball 1-1: Foul Ball, location: 2F 1-2: Foul Ball, location: 2F 1-2: SINGLE (Groundball, 34D, EV 100.0 MPH)
|
|
Pitching: LHP Kenneth Likewise
|
|
|
Batting: RHB Mike Stellern
|
0-0: Called Strike 0-1: Ball 1-1: Ball 2-1: Ball 3-1: Fly out, F8 (Line Drive, 8LD, EV 90.0 MPH)
|
|
Batting: RHB Phillip Wilson
|
0-0: Ball 1-0: Ball 2-0: Ball 3-0: Base on Balls Willis Gonzalez to second
|
|
Batting: RHB Sean Toerner
|
0-0: Ball 1-0: Foul Ball, location: 2F 1-1: Fly out, F3 (Popup, 3S, EV 83.1 MPH)
|
|
Batting: RHB Scot Holliday
|
0-0: Ball 1-0: Ball 2-0: Ball 3-0: Ground out 4-3 (Groundball, 4, EV 90.0 MPH)
|
| Bottom of the 13th over - 0 runs, 1 hit, 0 errors, 2 left on base; Watertown 2 - Huron 1 |
|